 Dungeon Crawl Stone Soup version 0.29.1-12-g30fa7ad0bf (webtiles) character file.

Game seed: 12284285173907027053

2603 koeememe the Warrior (level 9, -8/119 HPs)
             Began as an Ogre Fighter on Jan 1, 2023.
             Was a Believer of Zin.
             Mangled by a yak (11 damage)
             ... on level 7 of the Dungeon.
             The game lasted 00:12:13 (8268 turns).

koeememe the Warrior (Ogre Fighter)                 Turns: 8268, Time: 00:12:13

Health: -8/119     AC:  8    Str: 26    XL:     9   Next: 59%
Magic:  6/9        EV: 10    Int:  9    God:    Zin [**....]
Gold:   79         SH:  0    Dex:  8    Spells: 8/8 levels left

rFire   . . .      SeeInvis .   w - +0 giant spiked club (flame)
rCold   . . .      Faith    .   (shield currently unavailable)
rNeg    + + .      Spirit   .   q - +2 robe {rN+}
rPois   .          Reflect  .   (helmet restricted)
rElec   .          Harm     .   x - +2 cloak
rCorr   .          Rampage  .   (gloves unavailable)
Will    .....                   (boots unavailable)
Stlth   +.........              (no amulet)
HPRegen 0.29/turn               e - ring of positive energy
MPRegen 0.11/turn               (no ring)

@: no status effects
A: large, unfitting armour, tough skin 1
a: Renounce Religion, Recite, Vitalisation, Donate Gold


You were on level 7 of the Dungeon.
You worshipped Zin.
Zin was pleased with you.
You visited 1 branch of the dungeon, and saw 8 of its levels.

You collected 347 gold pieces.
You spent 170 gold pieces at shops.
You donated 98 gold pieces to Zin.

Inventory:

Hand Weapons
 a - a +0 flail
 t - a +0 giant club of flaming
 w - a +0 giant spiked club of flaming (weapon)
Missiles
 f - 8 javelins
 m - 4 silver javelins
Armour
 b - a +0 robe
 c - a +0 kite shield
 q - a +2 robe of positive energy (worn)
 x - a +2 cloak (worn)
Jewellery
 e - a ring of positive energy (left hand)
Wands
 z - a wand of paralysis (9)
Scrolls
 h - a scroll of teleportation
 l - a scroll of poison
 n - a scroll of identify
 o - 2 scrolls of immolation
 r - 2 scrolls of blinking
 v - a scroll of noise {unknown}
 y - a scroll of summoning
Potions
 d - 4 potions of might
 g - 2 potions of curing {unknown}
 i - 3 potions of lignification {unknown}
 j - 2 potions of heal wounds {unknown}
 k - a potion of attraction {unknown}
 p - a potion of flight {unknown}
 s - a potion of cancellation {unknown}
 u - a potion of haste {unknown}


   Skills:
 + Level 16.5 Fighting
 - Level 1.7 Maces & Flails
 - Level 2.6 Dodging
 - Level 3.0 Shields


You had 8 spell levels left.
You didn't know any spells.
Your spell library contained the following spells:

 Spells                   Type           Power      Damage    Failure   Level
 Freeze                   Ice            0%         1d3       38%         1
 Sting                    Tmut/Pois      0%         1d3       38%         1
 Poisonous Vapours        Pois/Air       0%         N/A       52%         2
 Frozen Ramparts          Ice            0%         1d1       77%         3
 Gell's Gravitas          Tloc           0%         N/A       77%         3
 Teleport Other           Tloc           0%         N/A       77%         3
 Hailstorm                Conj/Ice       0%         3d3       99%         4
 Leda's Liquefaction      Hex/Erth       0%         N/A       99%         4
 Olgreb's Toxic Radiance  Pois           0%         N/A       99%         4
 Lee's Rapid Deconstruct  Erth           0%         3d5*      100%        5
 Dispersal                Tloc           0%         N/A       100%        6
 Statue Form              Tmut/Erth      0%         N/A       100%        6


Dungeon Overview and Level Annotations

Branches:
Dungeon (8/15)             Temple (0/1) D:6
   Lair: D:8-11

Altars:
Ashenzari
Elyvilon
Hepliaklqana
Makhleb
Sif Muna
Zin

Shops:
D:6 *

Annotations:
D:3 1 runed translucent door, ripuliukko's ghost, amateur GrEE


Innate Abilities, Weirdness & Mutations

You are too large for most types of armour.
You have tough skin. (AC +1)


Message History

You hit the iguana. You burn the iguana.
The iguana is heavily wounded.
The iguana bites you.
* * * LOW HITPOINT WARNING * * *
The orc wizard hits you with a +0 dagger.
* * * LOW HITPOINT WARNING * * *
The orc wizard gestures at you while chanting.
The puff of flame hits you.
* * * LOW HITPOINT WARNING * * *
The iguana barely misses you.
You barely miss the iguana.
The iguana is heavily wounded.
The iguana barely misses you.
The orc wizard gestures wildly while chanting.
The orc wizard flickers and vanishes!
You closely miss the iguana.
The iguana is heavily wounded.
Your surroundings suddenly seem different.
A centaur comes into view.
Found an escape hatch in the floor.
The centaur wields a +0 shortbow.
The centaur shoots an arrow.
The arrow closely misses you.
The centaur shoots an arrow.
The arrow hits you.
* * * LOW HITPOINT WARNING * * *
Blink to where?
Press: ? - help, Dir - move target
As you read the scroll of blinking, it crumbles to dust.
The centaur shoots an arrow.
The arrow barely misses you. 2 yaks come into view.
Found a spear.
The yak bellows!
You hear a shout!
The centaur shoots an arrow.
The arrow hits you.
* * * LOW HITPOINT WARNING * * *
The yak bellows!
You barely miss the yak.
The centaur shoots an arrow.
The arrow hits you.
* * * LOW HITPOINT WARNING * * *
The yak gores you.
* * * LOW HITPOINT WARNING * * *
A yak comes into view.
The centaur shoots an arrow.
The arrow closely misses you. The yak gores you!
You die...

*### *... *... *****
**********##...
*,,,******,,,,,,,,,....,
*,,,,,,,,,,********#..,,
*,,,******** ####.##.
**,**############...ยง...
*,* #.@......c....#.###
*,* #Y##########..#..,,
*,**#Y** #,,#.c.,
*,,,..,****** *,,#..>.
*,,#..,,,,,,****,,.....
*,,)Y.,****,,,,,,,.....
*,#.#.********,**,.....
*,....***,,,,,,**,*,,,,
*,,,>,,**,,,,,,**,,,,,,


You could see 3 yaks and a centaur.

Vanquished Creatures
  Pikel (D:5)
  Grinder (D:5)
  Sigmund (D:2)
  A wyvern (D:6)
  A water moccasin (D:5)
  An ice beast (D:6)
  2 orc warriors (D:7)
  A sky beast (D:5)
  A black bear (D:5)
  A centaur (D:5)
  2 ogres
  2 scorpions (D:6)
  5 hounds
  5 jellies
  2 orc priests
  A gnoll bouda (D:5)
  Jessica (D:2)
  2 iguanas
  2 orc wizards (D:4)
  7 adders
  7 gnolls
  2 worms
  3 dart slugs
  10 orcs
  4 ball pythons
  10 endoplasms
  2 giant cockroaches (D:1)
  6 goblins
  6 hobgoblins
  9 jackals
  5 quokkas
  12 bats
  2 frilled lizards
  8 kobolds
  3 rats
129 creatures vanquished.

Vanquished Creatures (others)
  A plant (D:1)
  6 withered plants
7 creatures vanquished.

Grand Total: 136 creatures vanquished

Notes
Turn   | Place    | Note
-------+----------+-------------------------------------------
     0 | D:1      | koeememe the Ogre Fighter began the quest for the Orb.
     0 | D:1      | Reached XP level 1. HP: 24/24 MP: 1/1
   163 | D:1      | Reached XP level 2. HP: 31/33 MP: 2/2
   225 | D:1      | Reached skill level 5 in Fighting
   490 | D:1      | Reached XP level 3. HP: 42/42 MP: 3/3
   689 | D:1      | Found a faded altar of an unknown god.
  1291 | D:2      | Noticed Jessica
  1296 | D:2      | Killed Jessica
  1297 | D:2      | Reached skill level 6 in Fighting
  1297 | D:2      | Reached XP level 4. HP: 52/53 MP: 4/4
  1352 | D:2      | Noticed Sigmund
  1854 | D:2      | Killed Sigmund
  1855 | D:2      | Reached skill level 8 in Fighting
  1855 | D:2      | Reached XP level 5. HP: 39/66 MP: 5/5
  1855 | D:2      | Reached XP level 6. HP: 44/74 MP: 6/6
  2945 | D:3      | Found a runed translucent door.
  2945 | D:3      | Noticed ripuliukko's ghost (amateur GrEE)
  3017 | D:3      | Reached skill level 9 in Fighting
  3391 | D:3      | Found a glowing silver altar of Zin.
  3753 | D:3      | Became a worshipper of Zin the Law-Giver
  3753 | D:3      | Reached * piety under Zin
  3754 | D:3      | Donated 64 gold pieces to Zin
  4129 | D:4      | Reached skill level 10 in Fighting
  4129 | D:4      | Reached XP level 7. HP: 64/85 MP: 7/7
  4276 | D:4      | Reached ** piety under Zin
  4683 | D:4      | Found a shimmering blue altar of Sif Muna.
  5358 | D:5      | Entered Level 5 of the Dungeon
  5378 | D:5      | Reached skill level 11 in Fighting
  5588 | D:5      | Noticed Grinder
  5598 | D:5      | Noticed Pikel
  5603 | D:5      | Killed Grinder
  5604 | D:5      | Reached skill level 12 in Fighting
  5604 | D:5      | Reached XP level 8. HP: 41/98 MP: 6/8
  5606 | D:5      | Killed Pikel
  5607 | D:5      | Reached skill level 13 in Fighting
  6099 | D:5      | Reached skill level 14 in Fighting
  6300 | D:5      | Reached *** piety under Zin
  6591 | D:5      | Reached XP level 9. HP: 84/114 MP: 9/9
  6859 | D:5      | Reached skill level 15 in Fighting
  7620 | D:6      | You fall into a shaft and drop 2 floors!
  7628 | D:8      | Found a broken altar of Ashenzari.
  7688 | D:6      | Found Daqath's General Store.
  7697 | D:6      | Bought a scroll of summoning for 95 gold pieces
  7697 | D:6      | Bought a scroll of enchant armour for 75 gold pieces
  7769 | D:6      | Found a staircase to the Ecumenical Temple.
  7937 | D:6      | Reached skill level 16 in Fighting
  8019 | D:6      | Found a white marble altar of Elyvilon.
  8019 | D:6      | Found a hazy altar of Hepliaklqana.
  8151 | D:6      | Found a burning altar of Makhleb.
  8268 | D:7      | HP: 3/119 [yak (4)]
  8268 | D:7      | Mangled by a yak

Illustrated notes

Levels and vault maps discovered:
D:1:      saegor_arrival_simple_e, layout_loops_ring,
          shapermc_ecumenical_altar_flowoftime
D:2:      layout_basic, serial_co_window_serial, co_window_paths_b,
          co_window_corner_a, co_window_corner_a, co_window_of_opportunity_a,
          co_window_paths_a, co_window_unsneaky_path_b, co_window_paths_c,
          co_window_paths_c, co_window_paths_c, co_window_of_opportunity_c,
          co_window_2corner, co_window_sun, glass_columns_a, glass_columns_c,
          glass_columns_c, uniq_sigmund, uniq_jessica
D:3:      layout_loops_ring, zin_treasury, gammafunk_ghost_grave,
          kennysheep_path_1
D:4:      layout_loops_ring, kennysheep_orc_sif_temple, minmay_strange_pillars,
          serial_bayou_lagoon_a
D:5:      layout_loops_ring, uniq_pikel, uniq_grinder
D:6:      layout_cave_pools, makhleb_blood_cavern_becter,
          gammafunk_temple_overflow_statue, minmay_temple_entry_mini_moons,
          serial_shops, nicolae_lakefront_shop
D:7:      layout_loops_ring
D:8:      layout_cave_pools, vehumet_crystals, cheibrodos_ashenzari_chains,
          minivault_4, amcnicky_mini_corridor_feature, uniq_psyche,
          uniq_prince_ribbit1, uniq_maurice

Skill      XL: |  1  2  3  4  5  6  7  8  9 |
---------------+----------------------------+-----
Fighting       | 5 6 8 10 12 14 16 | 16.5
Maces & Flails | |  1.7
Dodging        | |  2.6
Shields        | |  3.0

Action                   |  1- 3 |  4- 6 |  7- 9 || total
-------------------------+-------+-------+-------++-------
Melee: Flail             |   101 |   139 |       ||   240
       Giant club        |       |    14 |   105 ||   119
       Giant spiked club |       |       |   119 ||   119
Invok: Donate Gold       |       |     1 |       ||     1
       Vitalisation      |       |       |     3 ||     3
       Recite            |       |       |    10 ||    10
       Imprison          |       |       |     1 ||     1
  Use: Potion            |       |     2 |       ||     2
       Scroll            |       |     1 |    12 ||    13
 Stab: Sleeping          |       |     2 |       ||     2
Armor: Robe              |    28 |    52 |   164 ||   244
Dodge: Dodged            |    54 |    68 |   156 ||   278
Block: Kite shield       |    24 |    60 |       ||    84
